 Dungeon Crawl Stone Soup version 0.24.0-123-gd5b16e6ec5 (webtiles) character file.

Game seed: 9632782667784614530, levelgen mode: deterministic

3838 vurker the Thaumaturge (level 9, -5/52 HPs)
             Began as a Deep Elf Wizard on Dec 18, 2019.
             Was an Elder of Sif Muna.
             Slain by a killer bee (10 damage)
             ... on level 8 of the Dungeon.
             The game lasted 00:20:07 (9521 turns).

vurker the Thaumaturge (Deep Elf Wizard)            Turns: 9521, Time: 00:20:07

Health: -5/52      AC:  2    Str:  4    XL:     9   Next: 98%
Magic:  22/26      EV: 14    Int: 31    God:    Sif Muna [****..]
Gold:   423        SH:  0    Dex: 13    Spells: 26/31 levels left

rFire    . . .     SeeInvis .   r - +9 spear "Itacec" {venom, Int+4}
rCold    . . .     Gourm    .   (no shield)
rNeg     . . .     Faith    .   a - +0 robe
rPois    .         Spirit   .   b - +0 hat
rElec    .         Reflect  .   (no cloak)
rCorr    .         Harm     .   (no gloves)
MR       +....                  (no boots)
Stlth    +++.......             (no amulet)
HPRegen  0.17/turn              F - ring of protection from magic
MPRegen  0.20/turn              v - ring of stealth

@: lethally poisoned (-5 -> -18)
A: no striking features
a: Channel Magic, Forget Spell, Divine Exegesis, Renounce Religion


You were on level 8 of the Dungeon.
You worshipped Sif Muna.
Sif Muna was greatly pleased with you.
You were not hungry.

You visited 1 branch of the dungeon, and saw 8 of its levels.
You also visited: Ossuary.

You collected 423 gold pieces.

Inventory:

Hand Weapons
 h - a +0 dagger of electrocution
   (You took it off a kobold on level 1 of the Dungeon)
 r - the +9 spear "Itacec" (weapon) {venom, Int+4}
   (You found it on level 4 of the Dungeon)

   It poisons the flesh of those it strikes.
   It affects your intelligence (+4).
Armour
 a - a +0 robe (worn)
 b - a +0 hat (worn)
Jewellery
 m - an uncursed ring of fire
   (You found it on level 3 of the Dungeon)
 q - an uncursed ring of flight
   (You took it off an orc on level 3 of the Dungeon)
 v - a ring of stealth (right hand)
   (You found it on level 5 of the Dungeon)
 F - a ring of protection from magic (left hand)
   (You found it on level 2 of the Dungeon)
Wands
 c - a wand of polymorph (8)
   (You found it on level 8 of the Dungeon)
 d - a wand of iceblast (9)
   (You found it on level 6 of the Dungeon)
 t - a wand of flame (29)
   (You took it off an orc wizard on level 6 of the Dungeon)
 x - a wand of acid (11)
   (You found it on level 4 of the Dungeon)
Scrolls
 k - a scroll of noise {unknown}
 l - 3 scrolls of amnesia {unknown}
 p - 2 scrolls of enchant weapon {unknown}
 s - 2 scrolls of blinking
 y - a scroll of fear {unknown}
 B - a scroll of magic mapping {unknown}
 C - 2 scrolls of teleportation
 D - a scroll of enchant armour {unknown}
Potions
 f - 3 potions of ambrosia
 g - 4 potions of curing
 i - 3 potions of magic
 n - 2 potions of mutation
 o - 3 potions of flight {unknown}
 u - 3 potions of heal wounds
 w - a potion of resistance {unknown}
 z - 2 potions of invisibility
 A - 2 potions of lignification
Comestibles
 e - 10 rations


   Skills:
 + Level 4.6 Fighting
 - Level 5.0 Dodging
 - Level 2.4 Stealth
 * Level 11.6 Spellcasting
 * Level 9.2 Conjurations
 - Level 3.0 Summonings
 - Level 1.1 Translocations
 + Level 3.3 Invocations


You had 26 spell levels left.
You knew the following spells:

 Your Spells              Type           Power        Failure   Level  Hunger
a - Magic Dart            Conj           ####         1%          1    None
b - Call Imp              Summ           #####...     1%          2    None
w - Blink                 Tloc           N/A          2%          2    None

Your spell library contained the following spells:

 Spells                   Type           Power        Failure   Level  Hunger
 Conjure Flame            Conj/Fire      #####...     1%          3    None
 Confusing Touch          Hex            ###...       2%          1    None
 Mephitic Cloud           Conj/Pois/Air  #####...     2%          3    None
 Slow                     Hex            ###.....     4%          2    None
 Gell's Gravitas          Tloc           ###.......   5%          3    None
 Confuse                  Hex            ###.....     9%          3    None
 Petrify                  Tmut/Erth      ###.....     28%         4    None
 Metabolic Englaciation   Hex/Ice        ###.......   61%         5    ##.....
 Yara's Violent Unravell  Hex/Tmut       ###.......   61%         5    ##.....


Dungeon Overview and Level Annotations

Branches:
Dungeon (8/15)             Temple (0/1) D:4         Ossuary (visited)
   Lair: D:8-11

Altars:
Dithmenos
Elyvilon
Makhleb
Sif Muna
Trog
Uskayaw
Zin

Shops:
D:5 =


Message History

Aim: a killer bee You reach to attack!
You puncture the killer bee!
The killer bee is poisoned.
The killer bee misses your crimson imp. The killer bee stings your crimson imp!
Your crimson imp blinks!
Your crimson imp barely misses the killer bee.
The killer bee stings your crimson imp but does no damage.
Attack whom?
Aim: a killer bee (severely wounded, poisoned)
You could not reach far enough!
The killer bee barely misses your crimson imp.
Your crimson imp completely misses the killer bee.
The killer bee stings your crimson imp.
Attack whom?
Aim: a killer bee (almost dead, poisoned)
You could not reach far enough!
You feel sick.
You kill the killer bee!
Sif Muna accepts your kill.
You start resting.
You feel sick.
Your crimson imp disappears in a puff of smoke!
You feel sick. x2
You are no longer poisoned.
You start resting.
Your crimson imp disappears in a puff of smoke!
You eat one of the 11 rations.
That ration really hit the spot!
You start resting.
Your crimson imp blinks! x3
The killer bee is too close now for your liking.
You can't see any susceptible monsters within range! (Use Z to cast anyway.) Unknown command.
Your crimson imp blinks!
The killer bee stings you.
You hit the killer bee. The killer bee stings you. The killer bee stings you!
* * * LOW HITPOINT WARNING * * *
You miss the killer bee. The killer bee stings you.
* * * LOW HITPOINT WARNING * * *
You are poisoned.
The killer bee poisons you! The killer bee barely misses you.
Aim: a killer bee (lightly wounded)
The magic dart hits the killer bee.
You feel sick. The killer bee barely misses you. x2
Aim: a killer bee (moderately wounded)
The magic dart hits the killer bee.
You feel sick. The killer bee closely misses you.
The killer bee barely misses you.
A beastly little devil appears in a puff of frigid air.
The killer bee stings you!
* * * LOW HITPOINT WARNING * * *
You are lethally poisoned!
The killer bee poisons you! The killer bee stings you!
You die...

#.......####.....#.###
.........(.........#
........####.....###
.#.....## #.....##
.##...## #...### .######
#...# .....# #...# .###.#
#...########.# .# #.##
#.....@yy....#
.###..#####..(5†##5##..#
....................(
.#.................y...
.#.#....................[
......#####..............
##.#### #...###....#.##
##.# #...# ###.#.# ...#
#§a§#


You could see 2 killer bees, a friendly crimson imp and a friendly white imp.

Vanquished Creatures
  Pikel (D:6)
  Grinder (D:4)
  Prince Ribbit (D:7)
  A wyvern (D:6)
  Eustachio (D:6)
  Menkaure (D:4)
  A slave (D:6)
  3 ogres
  A sky beast (D:8)
  An ice beast (D:8)
  A phantom (D:8)
  A big kobold (D:7)
  3 bullfrogs
  An elf zombie (Ossuary)
  3 killer bees (D:8)
  4 scorpions
  A howler monkey (D:8)
  3 crimson imps
  A bullfrog zombie (D:8)
  A jelly (D:5)
  2 orc priests
  5 orc wizards
  2 bullfrog skeletons
  7 worker ants
  A hound zombie (D:3)
  2 mummies (Ossuary)
  7 adders
  4 gnolls (D:6)
  2 shadow imps (D:7)
  An ooze (D:3)
  2 adder skeletons
  2 adder zombies
  6 worms
  2 dart slugs
  3 leopard geckos
  19 orcs
  5 bats
  A giant cockroach (D:1)
  2 gnoll zombies (Ossuary)
  2 goblins (D:3)
  3 hobgoblins
  16 jackals
  8 kobolds
  5 quokkas
  4 frilled lizards
  A hobgoblin zombie (Ossuary)
  A jackal skeleton (D:4)
  4 kobold zombies (Ossuary)
  A leopard gecko skeleton (D:7)
  A quokka skeleton (D:4)
  2 quokka zombies (Ossuary)
  10 rats
  4 rat zombies (Ossuary)
168 creatures vanquished.

Vanquished Creatures (collateral kills)
  A hippogriff (D:8)
  Edmund (D:6)
  An ice beast (D:6)
  A phantom (D:8)
  A black bear (D:3)
  2 ogres (D:7)
  A howler monkey (D:8)
  A crimson imp (D:7)
  An orc priest (D:2)
  Terence (D:3)
  A hound skeleton (D:5)
  A mummy (Ossuary)
  4 gnolls (D:6)
  2 howler monkey skeletons
  2 adders (D:2)
  9 orcs
  2 goblins
  A hobgoblin (D:2)
  A hobgoblin zombie (Ossuary)
  3 kobold zombies (Ossuary)
  A rat (D:3)
38 creatures vanquished.

Vanquished Creatures (others)
  A slave (D:6)
  An adder (D:6)
  10 plants (D:8)
12 creatures vanquished.

Grand Total: 218 creatures vanquished

Notes
Turn   | Place    | Note
-------+----------+-------------------------------------------
     0 | D:1      | vurker the Deep Elf Wizard began the quest for the Orb.
     0 | D:1      | Reached XP level 1. HP: 10/10 MP: 7/7
   279 | D:1      | You fall into a shaft and drop 1 floor!
   408 | D:1      | Reached XP level 2. HP: 15/15 MP: 6/9
   699 | D:1      | Learned a level 2 spell: Call Imp
   702 | D:1      | Learned a level 2 spell: Blink
  1204 | D:2      | Reached XP level 3. HP: 16/20 MP: 7/11
  1283 | D:2      | Reached skill level 5 in Spellcasting
  1571 | D:2      | Found a hide-covered altar of Uskayaw.
  1578 | D:2      | Reached XP level 4. HP: 24/24 MP: 3/13
  1584 | D:2      | Reached skill level 1 in Fighting
  2042 | D:3      | Noticed Terence
  2059 | D:3      | Killed Terence
  2226 | D:3      | Found a shimmering blue altar of Sif Muna.
  2242 | D:3      | Became a worshipper of Sif Muna the Loreminder
  2254 | D:3      | Found a burning altar of Makhleb.
  2489 | D:3      | Reached XP level 5. HP: 23/29 MP: 1/15
  2883 | D:3      | Reached * piety under Sif Muna
  3108 | D:3      | Noticed a black bear
  3120 | D:3      | Killed a black bear
  3120 | D:3      | Reached skill level 6 in Spellcasting
  3392 | D:4      | Noticed Grinder
  3424 | D:4      | Killed Grinder
  3424 | D:4      | Reached XP level 6. HP: 29/35 MP: 0/17
  3559 | D:4      | Noticed a moth of wrath
  3561 | D:4      | Found a bloodstained altar of Trog.
  3689 | D:4      | Noticed Menkaure
  3707 | D:4      | Killed Menkaure
  3972 | D:4      | Reached XP level 7. HP: 40/40 MP: 15/19
  3993 | D:4      | Found a staircase to the Ecumenical Temple.
  4046 | D:4      | Reached skill level 7 in Spellcasting
  4359 | D:4      | Got a dazzling spear
  4360 | D:4      | Identified the +9 spear "Itacec" {venom, Int+4} (You found
                  | it on level 4 of the Dungeon)
  4402 | D:5      | Entered Level 5 of the Dungeon
  4418 | D:5      | Found Akligobu's Jewellery Boutique.
  4437 | D:5      | Reached ** piety under Sif Muna
  4609 | D:5      | Found a glowing silver altar of Zin.
  4668 | D:5      | Found a white marble altar of Elyvilon.
  4799 | D:5      | Found a sand-covered staircase.
  4806 | Ossuary  | Entered an ossuary
  4824 | Ossuary  | Reached skill level 5 in Conjurations
  5046 | Ossuary  | Reached *** piety under Sif Muna
  5371 | D:5      | Found a shadowy altar of Dithmenos.
  5641 | D:6      | Reached skill level 5 in Dodging
  5641 | D:6      | Reached skill level 8 in Spellcasting
  5641 | D:6      | Reached XP level 8. HP: 45/45 MP: 18/22
  5880 | D:6      | Reached skill level 9 in Spellcasting
  6229 | D:6      | Noticed Pikel
  6243 | D:6      | Killed Pikel
  6607 | D:6      | Noticed Eustachio
  6616 | D:6      | Killed Eustachio
  6616 | D:6      | Reached skill level 10 in Spellcasting
  6697 | D:6      | Reached XP level 9. HP: 26/52 MP: 21/25
  6978 | D:6      | Noticed Edmund
  7008 | D:6      | Killed Edmund
  7529 | D:7      | Reached skill level 1 in Invocations
  7575 | D:7      | Noticed Prince Ribbit
  7589 | D:7      | Killed Prince Ribbit
  7589 | D:7      | Reached **** piety under Sif Muna
  8186 | D:8      | Reached skill level 11 in Spellcasting
  8470 | D:8      | HP: 2/52 [bullfrog zombie (6)]
  9521 | D:8      | Slain by a killer bee

Levels and vault maps discovered:
D:1:      dpeg_arrival_short_road, layout_loops_ring, grunt_decor_resistance,
          minivault_19, eino_curves_02, serial_bayou_lake_a
D:2:      layout_loops_ring, lemuel_crystal_altar
D:3:      layout_loops_ring, led_sif_pool, lightli_temple_of_fire, first_ration,
          cheibrodos_sewer_entry_bend, uniq_terence
D:4:      layout_gridville, tgw_trog, minmay_temple_entry_glass, uniq_grinder,
          uniq_menkaure
D:5:      layout_loops_ring, nicolae_overflow_crystal_walls, elyvilon_altar_3,
          nicolae_dithmenos_through_a_glass_darkly, serial_shops, shop,
          enter_ossuary_1, serial_bayou_crossing
D:6:      layout_basic, minmay_misc_feat_four_crosses, uniq_eustachio,
          uniq_edmund, uniq_pikel
D:7:      layout_loops_ring, uniq_prince_ribbit1
D:8:      layout_loops_cross, david_lair_shrubbed

Skill      XL: |  1  2  3  4  5  6  7  8  9 |
---------------+----------------------------+-----
Conjurations   | 2 3 4 5 7 9 |  9.2
Spellcasting   | 5 6 8 10 11 | 11.6
Dodging        | 3 4 5 |  5.0
Fighting       | 1 2 3 4 |  4.6
Summonings     | 2 3 |  3.0
Invocations    | 3 |  3.3
Stealth        | |  2.4
Translocations | |  1.1

Action                   |  1- 3 |  4- 6 |  7- 9 || total
-------------------------+-------+-------+-------++-------
Melee: Dagger            |     4 |     8 |       ||    12
       Spear             |       |       |   208 ||   208
 Cast: Magic Dart        |    58 |   134 |   240 ||   432
       Call Imp          |     3 |    15 |    50 ||    68
  Use: Potion            |       |       |     4 ||     4
       Scroll            |       |       |    11 ||    11
 Stab: Distracted        |       |     1 |       ||     1
       Sleeping          |       |       |     8 ||     8
  Eat: Chunk             |     2 |     7 |     9 ||    18
       Ration            |       |       |     3 ||     3
Armor: Robe              |     6 |     1 |    19 ||    26
Dodge: Dodged            |     9 |    23 |   198 ||   230
